 Dungeon Crawl Stone Soup version 0.25-a0-843-g6944ee31a2 (webtiles) character file.

Game seed: 17170361317618037431, levelgen mode: deterministic

91 Esekla the Ducker (level 4, -3/19 HPs)
             Began as a Felid Skald on Apr 25, 2020.
             Was a Follower of Vehumet.
             Slain by Grinder (10 damage)
             ... on level 3 of the Dungeon.
             The game lasted 00:28:56 (4006 turns).

Esekla the Ducker (Felid Skald)                     Turns: 4006, Time: 00:28:57

Health: -3/19      AC:  1    Str:  7    XL:     4   Next: 33%
Magic:  4/9        EV: 20    Int: 15    God:    Vehumet [*.....]
Gold:   217        SH:  0    Dex: 15    Spells: 3/9 levels left
                                        Lives:  0   Deaths: 1

rFire    . . .     SeeInvis +     - Unarmed
rCold    . . .     Gourm    .   (shield unavailable)
rNeg     . . .     Faith    .   (armour unavailable)
rPois    .         Spirit   .   (helmet unavailable)
rElec    .         Reflect  .   (cloak unavailable)
rCorr    .         Harm     .   (gloves unavailable)
MR       .....                  (boots unavailable)
Stlth    ++........             (no amulet)
HPRegen  0.06/turn              (no ring)
MPRegen  0.11/turn              (no ring)

@: infused (expiring), hasted, very quick
A: very small, no armour, no weapons or thrown items, stealth, claws 1, fangs 3,
see invisible, carnivore, speed 1, shaggy fur 1, slow metabolism 1, sharp paws
a: Renounce Religion


You were on level 3 of the Dungeon.
You worshipped Vehumet.
Vehumet was aware of your devotion.
You were not hungry.

You visited 2 branches of the dungeon, and saw 7 of its levels.

You collected 217 gold pieces.

Inventory:

Hand Weapons
 j - a +0 rapier
Wands
 k - a wand of flame (20)
Scrolls
 a - a scroll of random uselessness {unknown}
 e - 2 scrolls of teleportation {unknown}
 f - 2 scrolls of enchant weapon {unknown}
 i - 3 scrolls of remove curse {unknown}
 n - a scroll of amnesia {unknown}
Potions
 c - 2 potions of lignification
 h - a potion of might
 l - a potion of cancellation
 m - a potion of resistance
Comestibles
 b - 4 rations


   Skills:
 - Level 2.0 Fighting
 * Level 4.6 Dodging
 + Level 1.0 Stealth
 + Level 2.8 Unarmed Combat
 * Level 3.0 Spellcasting
 - Level 3.6 Charms
 * Level 2.2 Translocations
 * Level 0.9 Ice Magic


You had 3 spell levels left.
You knew the following spells:

 Your Spells              Type           Power        Failure   Level  Hunger
a - Infusion              Chrm           ##..         4%          1    #......
b - Shroud of Golubria    Chrm/Tloc      ##....       9%          2    ##.....
c - Ozocubu's Armour      Chrm/Ice       #.......     24%         3    ###....

Your spell library contained the following spells:

 Spells                   Type           Power        Failure   Level  Hunger
 Foxfire                  Conj/Fire      #...         21%         1    #......
 Song of Slaying          Chrm           ##......     7%          2    ##.....
 Corona                   Hex            #......      21%         1    #......
 Slow                     Hex            #.......     30%         2    ##.....
 Inner Flame              Hex/Fire       #.......     52%         3    ###....
 Cause Fear               Hex            #.........   89%         4    #####..
 Leda's Liquefaction      Hex/Erth       #.........   89%         4    #####..
 Spectral Weapon          Hex/Chrm       Unusable     N/A         3    N/A
 Portal Projectile        Hex/Tloc       Unusable     N/A         3    N/A

Dungeon Overview and Level Annotations

Branches:
Dungeon (6/15)             Temple (1/1) D:6

Altars:
Ashenzari
Cheibriados
Dithmenos
Fedhas
Gozag
Hepliaklqana
Makhleb
Okawaru
Qazlal
Ru
Trog
Vehumet
Wu Jian
Xom
Yredelemnul
Zin
The Shining One

Shops:
D:4 [

Annotations:
D:3 Grinder


Innate Abilities, Weirdness & Mutations

You cannot wear armour.
You are incapable of wielding weapons or throwing items.
Your paws allow you to move quietly. (Stealth)
You have sharp claws.
You have razor-sharp teeth.
You have supernaturally acute eyesight. (SInv)
You are carnivorous and can eat meat at any time.
You cover ground quickly.
You are covered in fur. (AC +1)
You have a slow metabolism.
Your sharp claws are effective at attacking unaware monsters.


Message History

Grinder barely misses you.
You scratch Grinder.
Grinder is heavily wounded.
Grinder barely misses you.
You scratch Grinder.
Grinder is heavily wounded.
Grinder barely misses you.
You barely miss Grinder.
Grinder is heavily wounded.
Grinder closely misses you.
You closely miss Grinder.
Grinder is heavily wounded.
Grinder gestures at you. Pain shoots through your body!
Ouch! That really hurt!
You feel yourself speed up.
Your magical infusion is running out.
Grinder hits you!
Ouch! That really hurt!
You die...

....# #...#
#.............#
....####...#
##########.####
....+..'...#
#............#
....####...#
#.############
.....^###'########.#
..................>#
..#...........######
.....#....†...#######
...............5@<#.####
...............####....#
.........###+#.# ##.##.#
.###.........#.# #...#.#
.# ##........#.###...#.#
)# #........#.#††.....#
#..#.[..[#.#.##.####
#......g.#.#.##.#
##.#####.#....#.#


You could see Grinder.

Vanquished Creatures
  A hound (D:4)
  A hound zombie (D:6)
  A hound skeleton (D:4)
  A howler monkey skeleton (D:6)
  An adder (D:2)
  A dart slug (D:2)
  3 leopard geckos
  5 orcs
  5 giant cockroaches
  5 hobgoblins
  2 jackals (D:2)
  A quokka (D:5)
  A ball python (D:1)
  7 bats
  A frilled lizard (D:2)
  5 goblins
  A jackal skeleton (D:5)
  7 kobolds
  A leopard gecko zombie (D:5)
  4 rats
54 creatures vanquished.

Notes
Turn   | Place    | Note
-------+----------+-------------------------------------------
     0 | D:1      | Esekla the Felid Skald began the quest for the Orb.
     0 | D:1      | Reached XP level 1. HP: 9/9 MP: 4/4
   257 | D:2      | Noticed an angel
   258 | D:2      | Found a glowing silver altar of Zin.
   588 | D:4      | Reached XP level 2. HP: 6/13 MP: 4/6
   748 | D:3      | Learned a level 2 spell: Shroud of Golubria
   762 | D:4      | Reached skill level 4 in Dodging
   762 | D:4      | Reached skill level 1 in Translocations
   762 | D:4      | Reached XP level 3. HP: 16/16 MP: 0/7
   842 | D:4      | Found Yhorghuz's Antique Armour Emporium.
   932 | D:4      | Learned a level 3 spell: Ozocubu's Armour
   933 | D:5      | Entered Level 5 of the Dungeon
   933 | D:5      | Noticed a sky beast
  1130 | D:5      | Noticed an ogre
  1208 | D:5      | Noticed an ogre
  1313 | D:6      | Found a staircase to the Ecumenical Temple.
  1345 | Temple   | Entered the Ecumenical Temple
  1504 | Temple   | Became a worshipper of Vehumet
  1554 | D:6      | Reached XP level 4. HP: 14/19 MP: 1/9
  2241 | D:4      | Slain by a sky beast
  2242 | D:4      | Reached XP level 3. HP: -1/16 MP: 7/8
  2997 | D:1      | Reached * piety under Vehumet
  2997 | D:1      | Offered knowledge of Foxfire by Vehumet.
  3063 | D:1      | Reached XP level 4. HP: 19/19 MP: 2/9
  3178 | D:1      | Found a glowing golden altar of the Shining One.
  3451 | D:2      | Reached skill level 1 in Stealth
  3730 | D:3      | Noticed an orc warrior
  3947 | D:3      | Noticed Grinder
  4006 | D:3      | Slain by Grinder

Levels and vault maps discovered:
D:1:      tarquinn_simple_flora_water_c, layout_basic, tso_altar
D:2:      layout_loops_ring, zin_angel, first_ration
D:3:      layout_basic, hellmonk_ghost_happy_afterlife, uniq_ijyb, uniq_grinder
D:4:      layout_cave_pools, serial_shops, shop_fountains, minmay_misc_feat_x
D:5:      layout_cave_pods, nicolae_overflow_hidden_temple, uniq_menkaure
D:6:      layout_loops_corners, minmay_temple_entry_offerings
Temple:   nicolae_temple_elliptical

Skill      XL: |  1  2  3  4 |
---------------+-------------+-----
Dodging        | 4 |  4.6
Translocations | 1 2 |  2.2
Spellcasting   | 3 |  3.0
Stealth        | 1 |  1.0
Fighting       | |  2.0
Unarmed Combat | |  2.8
Charms         | |  3.6
Ice Magic      | |  0.9

Action                   |  1- 3 |  4- 6 || total
-------------------------+-------+-------++-------
Melee: Unarmed           |   128 |    87 ||   215
       Bite              |    11 |     8 ||    19
       Punch             |     1 |     1 ||     2
 Cast: Infusion          |     3 |     6 ||     9
       Shroud of Golubri |     9 |     9 ||    18
       Ozocubu's Armour  |     8 |     5 ||    13
  Use: Scroll            |       |     5 ||     5
       Potion            |       |     1 ||     1
 Stab: Sleeping          |     2 |     4 ||     6
  Eat: Chunk             |     7 |     3 ||    10
Armor: Skin              |    19 |    13 ||    32
Dodge: Dodged            |   107 |    92 ||   199

Table legend:
 A = Non-vault XP
 B = Vault XP
 C = Vault XP percentage of total XP
 D = Non-vault monster count
 E = Vault monster count
 F = Vault count percentage of total count
                 A         B        C        D         E       F
            +---------+---------+-------+---------+---------+-------
      Total |     202 |       0 |   0.0 |      54 |       0 |   0.0
            +---------+---------+-------+---------+---------+-------
        D:1 |      24 |       0 |   0.0 |      16 |       0 |   0.0
        D:2 |      44 |       0 |   0.0 |      17 |       0 |   0.0
        D:3 |       5 |       0 |   0.0 |       4 |       0 |   0.0
        D:4 |      64 |       0 |   0.0 |       3 |       0 |   0.0
        D:5 |      20 |       0 |   0.0 |       9 |       0 |   0.0
        D:6 |      45 |       0 |   0.0 |       5 |       0 |   0.0
            +---------+---------+-------+---------+---------+-------
